 Dungeon Crawl Stone Soup version 0.23-b1-59-g586d0d887c (webtiles) character file.

Game seed: 7030522893609546592

14442 Forgol the Cleaver (level 11, -3/103 HPs)
             Began as a Deep Dwarf Fighter on Feb 4, 2019.
             Was a Priest of Elyvilon.
             Slain by a komodo dragon (10 damage)
             ... on level 3 of the Lair of Beasts.
             The game lasted 00:26:25 (10219 turns).

Forgol the Cleaver (Deep Dwarf Fighter)            Turns: 10219, Time: 00:26:26

Health: -3/103     AC: 22    Str: 24    XL:     11   Next: 88%
Magic:  10/10      EV:  4    Int:  8    God:    Elyvilon [***...]
Gold:   867        SH: 18    Dex: 17    Spells: 10/10 levels left

rFire    x . .     SeeInvis .   a - +2 war axe
rCold    + . .     Gourm    .   D - +0 large shield
rNeg     . . .     Faith    +   y - +3 plate armour
rPois    .         Spirit   .   G - +1 helmet
rElec    .         Reflect  .   e - +0 cloak
rCorr    .         Harm     .   v - +0 pair of gloves
MR       +....                  (no boots)
Stlth    ..........             b - amulet of faith
HPRegen  0.00/turn              x - +5 ring of dexterity
MPRegen  0.12/turn              B - ring of ice

@: non-regenerating
A: damage resistance, heal wounds, sense surroundings 2, no regeneration
a: Heal Wounds, Lesser Healing, Heal Other, Purification, Divine Protection,
Renounce Religion


You were on level 3 of the Lair of Beasts.
You worshipped Elyvilon.
Elyvilon was most pleased with you.
You were hungry.

You visited 3 branches of the dungeon, and saw 14 of its levels.
You also visited: Sewer.

You collected 867 gold pieces.

Inventory:

Hand Weapons
 a - a +2 war axe (weapon)
 i - a +1 hand axe of chopping
 O - a +4 flail
Missiles
 h - 9 javelins (quivered)
Armour
 c - a +0 shield
 e - a +0 cloak (worn)
 p - a +0 helmet
 v - a +0 pair of gloves (worn)
 y - a +3 plate armour (worn)
 D - a +0 large shield (worn)
 G - a +1 helmet (worn)
Jewellery
 b - an amulet of faith (around neck)
 o - an uncursed amulet of harm
 x - a +5 ring of dexterity (left hand)
 B - a ring of ice (right hand)
Wands
 t - a wand of iceblast (19)
 J - a wand of digging (4)
 N - a wand of acid (7)
Scrolls
 j - 3 scrolls of immolation
 k - 4 scrolls of remove curse
 n - 4 scrolls of fear
 q - 9 scrolls of teleportation
 s - a scroll of vulnerability {unknown}
 A - 3 scrolls of fog {unknown}
 I - 4 scrolls of enchant armour {unknown}
 K - a scroll of acquirement {unknown}
 L - 3 scrolls of identify
 M - a scroll of noise {unknown}
Potions
 d - 4 potions of curing {unknown}
 g - 3 potions of agility {unknown}
 l - 3 potions of heal wounds
 m - 6 potions of flight
 r - a potion of invisibility {unknown}
 u - 2 potions of haste {unknown}
 w - 3 potions of mutation {unknown}
 z - a potion of lignification {unknown}
 C - a potion of might
 E - 2 potions of magic {unknown}
 F - a potion of degeneration {unknown}
 H - a potion of ambrosia {unknown}
 P - a potion of brilliance {unknown}
Comestibles
 f - 21 rations
 Q - 17 chunks of flesh


   Skills:
 + Level 8.0 Fighting
 * Level 12.6 Axes
 + Level 9.5 Armour
 + Level 9.5 Shields
 + Level 8.8 Invocations


You had 10 spell levels left.
You didn't know any spells.
Your spell library contained the following spells:

 Spells                   Type           Power        Failure   Level  Hunger
 Static Discharge         Conj/Air       #.......     100%        3    ####...
 Lightning Bolt           Conj/Air       #.........   100%        5    ######.
 Ignition                 Fire           #.........   100%        8    #######
 Shatter                  Erth           #.........   100%        9    #######
 Tornado                  Air            #.........   100%        9    #######


Dungeon Overview and Level Annotations

Branches:
Dungeon (10/15)            Temple (1/1) D:5            Lair (3/6) D:8
  Snake (0/4) Lair:2
  Swamp: Lair:2-4    Shoals: Lair:2-4       Orc: D:9-12

Altars:
Ashenzari
Cheibriados
Dithmenos
Elyvilon
Gozag
Hepliaklqana
Kikubaaqudgha
Makhleb
Qazlal
Ru
Uskayaw
Vehumet
Beogh

Shops:
D:5 (

Annotations:
D:3 1 runed translucent door, Infinimo's ghost, amateur OgBe


Innate Abilities, Weirdness & Mutations

You are resistant to damage.
You can heal yourself by infusing magical energy.
You passively map the area around you.
You do not regenerate.


Message History

The komodo dragon is heavily wounded.
You block the komodo dragon's attack.
You hit the komodo dragon.
The komodo dragon is severely wounded.
You hit the komodo dragon.
The komodo dragon is severely wounded.
You block the komodo dragon's attack. The blink frog hits you.
* * * LOW HITPOINT WARNING * * *
The blink frog blinks!
Your shield prevents you from hitting the komodo dragon.
The komodo dragon is severely wounded.
The komodo dragon bites you!!
* * * LOW HITPOINT WARNING * * *
You hit the komodo dragon but do no damage.
The komodo dragon is severely wounded.
You block the komodo dragon's attack.
You slash the komodo dragon!
The komodo dragon is almost dead.
The komodo dragon bites you!
You die...

, ........## ##.# * ,,
, .........###P..### ,
, ....<..........%.. ,
.................. ,
*, ..................
,
,,(.................,
* , ..................
* ...........§...... ,
* ......†.<†@l.F....
......†...........,
.................. ,,
, .................. ,
**,,..................
* ..........#####... ,
........### #.. , ,, *
........# .., , , ,
**,, ,, ,


You could see a komodo dragon and a blink frog.

Vanquished Creatures
  A hydra (Lair:2)
  2 two-headed ogres (D:8)
  A death yak (D:7)
  3 elephants (Lair:2)
  A guardian serpent (Lair:2)
  Psyche (D:9)
  2 black mambas (Lair:1)
  A komodo dragon (Lair:1)
  Grinder (D:3)
  4 blink frogs
  2 hippogriffs
  A spriggan (Lair:1)
  2 basilisks (Lair:3)
  2 wyverns
  3 hogs (D:7)
  8 yaks
  A human (D:7)
  Grum (D:8)
  Edmund (D:4)
  Menkaure (D:4)
  A water moccasin (Lair:2)
  3 porcupines
  Purgy (D:3)
  7 orc warriors
  5 necrophages (D:8)
  2 sky beasts
  An eye of draining (D:9)
  3 phantoms
  2 ogres
  A centaur (D:5)
  2 wolves (D:8)
  2 crocodiles
  8 bullfrogs
  A gnoll sergeant (D:9)
  2 scorpions
  A water moccasin skeleton (D:7)
  3 killer bees (D:7)
  A howler monkey (D:4)
  4 wights (D:8)
  2 crimson imps
  3 hounds
  Crazy Yiuf (D:7)
  3 centaur skeletons
  2 orc priests
  3 jellies
  A bullfrog skeleton (D:5)
  4 iguanas
  3 orc wizards
  2 hell rats (D:7)
  4 worker ants
  A killer bee zombie (D:8)
  A mummy (D:8)
  2 worker ant zombies
  6 gnolls
  12 adders
  2 river rats (D:7)
  5 shadow imps
  2 adder zombies
  3 adder skeletons
  4 worms
  5 dart slugs
  8 leopard geckos
  41 orcs
  5 giant cockroaches
  7 goblins
  8 hobgoblins
  12 jackals
  7 kobolds
  A quokka (D:2)
  3 ball pythons
  9 bats
  8 frilled lizards
  A giant cockroach zombie (D:5)
  6 rats
  A plant (Lair:2)
277 creatures vanquished.

Vanquished Creatures (others)
  A human (D:4)
  A plant (Lair:1)
2 creatures vanquished.

Grand Total: 279 creatures vanquished

Notes
Turn   | Place    | Note
-------+----------+-------------------------------------------
     0 | D:1      | Forgol the Deep Dwarf Fighter began the quest for the Orb.
     0 | D:1      | Reached XP level 1. HP: 20/20 MP: 1/1
    79 | D:1      | Reached XP level 2. HP: 25/27 MP: 2/2
   422 | D:1      | Reached skill level 3 in Axes
   474 | D:1      | Reached XP level 3. HP: 21/33 MP: 3/3
   968 | D:2      | Reached XP level 4. HP: 25/42 MP: 4/4
  1095 | D:2      | Found an opulent altar of Gozag.
  1417 | D:3      | Noticed Grinder
  1417 | D:3      | Paralysed by Grinder for 5 turns
  1440 | D:3      | Killed Grinder
  1440 | D:3      | Reached skill level 4 in Axes
  1440 | D:3      | Reached XP level 5. HP: 28/50 MP: 5/5
  1440 | D:3      | Reached XP level 6. HP: 33/57 MP: 6/6
  1451 | D:3      | Noticed Purgy
  1461 | D:3      | Reached skill level 5 in Axes
  1488 | D:3      | Killed Purgy
  1565 | D:3      | Found a glowing drain.
  1585 | Sewer    | Entered a sewer
  1695 | Sewer    | Reached XP level 7. HP: 52/64 MP: 5/5
  2189 | D:3      | Found a runed translucent door.
  2189 | D:3      | Noticed Infinimo's ghost (amateur OgBe)
  2209 | D:4      | Noticed Menkaure
  2216 | D:4      | Killed Menkaure
  2216 | D:4      | Reached skill level 5 in Armour
  2216 | D:4      | Reached skill level 5 in Shields
  2245 | D:4      | Reached skill level 6 in Axes
  2387 | D:4      | Noticed Edmund
  2430 | D:4      | Killed Edmund
  2680 | D:4      | Found an ancient bone altar of Kikubaaqudgha.
  2681 | D:4      | Noticed a human
  2683 | D:4      | Killed a human
  2918 | D:5      | Entered Level 5 of the Dungeon
  2978 | D:5      | Reached XP level 8. HP: 58/73 MP: 6/6
  3204 | D:5      | Reached skill level 7 in Axes
  3462 | D:5      | Found Jocsaqits's Weapon Shoppe.
  3523 | D:5      | Found a staircase to the Ecumenical Temple.
  3527 | Temple   | Entered the Ecumenical Temple
  3599 | Temple   | Became a worshipper of Elyvilon the Healer
  4200 | D:6      | Reached skill level 5 in Fighting
  4200 | D:6      | Reached skill level 1 in Invocations
  4352 | D:6      | Reached * piety under Elyvilon
  5118 | D:7      | Reached ** piety under Elyvilon
  5141 | D:7      | Reached skill level 8 in Axes
  5146 | D:7      | Gained mutation: You passively map the area around you.
                  | [Deep Dwarf growth]
  5146 | D:7      | Reached XP level 9. HP: 50/81 MP: 6/8
  5366 | D:7      | Reached skill level 9 in Axes
  5535 | D:7      | Found a runed translucent door.
  5536 | D:7      | Noticed Crazy Yiuf
  5547 | D:7      | Killed Crazy Yiuf
  5693 | D:8      | Noticed a death yak
  5700 | D:8      | Noticed a death yak
  5701 | D:8      | Noticed a death yak
  5718 | D:7      | Killed a death yak
  5748 | D:7      | Reached skill level 5 in Invocations
  6717 | D:8      | Noticed a two-headed ogre
  6725 | D:8      | Killed a two-headed ogre
  6725 | D:8      | Reached skill level 10 in Axes
  6725 | D:8      | Reached XP level 10. HP: 36/92 MP: 7/9
  6842 | D:8      | Found a staircase to the Lair.
  6920 | D:8      | Noticed a two-headed ogre
  6929 | D:8      | Killed a two-headed ogre
  6949 | D:8      | Noticed Grum
  6968 | D:8      | Killed Grum
  7107 | D:8      | Found a roughly hewn altar of Beogh.
  7325 | D:8      | Reached skill level 11 in Axes
  7437 | D:9      | Noticed Psyche
  7447 | D:9      | Killed Psyche
  7620 | D:9      | Reached XP level 11. HP: 74/99 MP: 11/11
  7779 | D:9      | Found a sacrificial altar of Ru.
  7782 | D:9      | Reached *** piety under Elyvilon
  8086 | D:10     | Entered Level 10 of the Dungeon
  8132 | Lair:1   | Entered Level 1 of the Lair of Beasts
  8646 | Lair:1   | Reached **** piety under Elyvilon
  9204 | Lair:2   | Noticed a four-headed hydra
  9556 | Lair:2   | Found a staircase to the Snake Pit.
  9572 | Lair:2   | Reached skill level 12 in Axes
  9839 | Lair:2   | Killed a four-headed hydra
 10219 | Lair:3   | Slain by a komodo dragon

Skill      XL: |  1  2  3  4  5  6  7  8  9 10 11 |
---------------+----------------------------------+-----
Axes           | 3 4 5 6 8 10 11 12 | 12.6
Fighting       | 3 4 5 6 7 8 |  8.0
Armour         | 4 5 6 7 8 9 |  9.5
Shields        | 4 5 6 7 8 9 |  9.5
Invocations    | 3 5 7 8 |  8.8

Action                   |  1- 3 |  4- 6 |  7- 9 | 10-12 || total
-------------------------+-------+-------+-------+-------++-------
Melee: War axe           |   118 |   101 |   415 |   510 ||  1144
       Flail             |       |       |       |    23 ||    23
Invok: Lesser Healing    |       |       |    27 |    30 ||    57
       Greater Healing   |       |       |       |     7 ||     7
       Purification      |       |       |       |     1 ||     1
 Abil: Heal Wounds       |     1 |     4 |    10 |     3 ||    18
  Use: Potion            |       |     1 |       |       ||     1
       Scroll            |       |       |    14 |     4 ||    18
  Eat: Chunk             |       |     3 |    18 |     5 ||    26
       Ration            |       |       |     1 |     4 ||     5
Armor: Scale mail        |    46 |    74 |    77 |       ||   197
       Plate armour      |       |       |   149 |   285 ||   434
Dodge: Dodged            |    46 |    33 |   113 |    57 ||   249
Block: Shield            |    58 |    72 |   275 |     5 ||   410
       Large shield      |       |       |       |   493 ||   493
